 Dungeon Crawl Stone Soup version 0.31.0-9-g3a7656b989 (webtiles) character file.

Game seed: 5345712799083453950

18 puppy the Cutter (level 2, 0/19 HPs)
             Began as a Kobold Berserker on Jan 29, 2024.
             Was a Follower of Trog.
             Slain by Sigmund
             ... wielding a +0 scythe
              (11 damage)
             ... on level 2 of the Dungeon.
             The game lasted 00:05:33 (616 turns).

puppy the Cutter (Kobold Berserker)                  Turns: 616, Time: 00:05:34

Health: 0/19       AC:  2    Str: 14    XL:     2   Next: 85%
Magic:  2/2        EV: 15    Int:  8    God:    Trog [*.....]
Gold:   9          SH:  0    Dex: 14    Spells: 1/1 levels left

rFire   . . .        a - +0 short sword
rCold   . . .        (no shield)
rNeg    . . .        b - +0 animal skin
rPois   .            (no helmet)
rElec   .            (no cloak)
rCorr   .            (no gloves)
SInv    .            (no boots)
Will    .....        (no amulet)
Stlth   ++           (no ring)
HPRegen 0.23/turn    (no ring)
MPRegen 0.08/turn

%: no passive effects
@: no status effects
A: small, no large weapons, nightstalker 3
a: Renounce Religion, Berserk


You were on level 2 of the Dungeon.
You worshipped Trog.
Trog was aware of your devotion.
You visited 1 branch of the dungeon, and saw 2 of its levels.

You collected 9 gold pieces.

Inventory:

Hand Weapons
 a - a +0 short sword (weapon)
Armour
 b - a +0 animal skin (worn)
Scrolls
 c - a scroll of enchant weapon {unknown}


   Skills:
 + Level 3.6 Fighting
 + Level 4.5 Short Blades
 + Level 1.7 Armour
 + Level 2.7 Dodging
 + Level 0.2 Stealth


You had one spell level left.
You didn't know any spells.
Your spell library was empty.

Dungeon Overview and Level Annotations

Branches:
Dungeon (2/15)

Altars:

Annotations:
D:2 Sigmund


Innate Abilities, Weirdness & Mutations

You are small and have problems with some larger weapons.
You are completely attuned to the shadows.


Message History

You hit the ribbon worm.
The ribbon worm is severely wounded.
You hit the ribbon worm.
The ribbon worm is severely wounded.
The ribbon worm expels a string of sticky webbing.
The stream of webbing hits you but does no damage.
You are caught in a web!
You struggle to detach yourself from the web.
The ribbon worm bites you!
* * * LOW HITPOINT WARNING * * *
The web tears apart.
The ribbon worm expels a string of sticky webbing.
The stream of webbing misses you.
You hit the ribbon worm.
The ribbon worm is almost dead.
You hit the ribbon worm.
You kill the ribbon worm!
Trog accepts your kill.
You see here a ribbon worm corpse.
You open the door. You open the door.
There is an open door here.
Found a rapier.
You see here a +0 rapier.
HP restored.
Found 5 poisoned darts.
You see here 5 poisoned darts.
You see here 5 poisoned darts.
Found a stone staircase leading down.
Found a scroll labelled ZUMUTS ME LYA.
c - a scroll labelled ZUMUTS ME LYA
There is a stone staircase leading down here.
Found a stone staircase leading down.
Sigmund the Dreaded comes into view.
He is wielding a +0 scythe.
Sigmund hits you from afar with a +0 scythe.
Sigmund hits you from afar with a +0 scythe!
Sigmund hits you with a +0 scythe!
Ouch! That really hurt!
You die...
Sigmund begins carving another notch in his scythe.

#####
....
.># #@#
#@# #.#
#.# #.#
#.####
#.....
#..##.
#..# .#
#..##.#


You could see Sigmund.

Vanquished Creatures
  A dart slug (D:1)
  2 ribbon worms (D:2)
  A ball python (D:1)
  2 goblins
  2 hobgoblins (D:1)
  A bat (D:1)
  A frilled lizard (D:1)
  A kobold (D:1)
  2 rats
13 creatures vanquished.

Notes
Turn   | Place    | Note
-------+----------+-------------------------------------------
     0 | D:1      | puppy the Kobold Berserker began the quest for the Orb.
     0 | D:1      | Reached XP level 1. HP: 14/14 MP: 1/1
   242 | D:1      | Reached XP level 2. HP: 14/19 MP: 2/2
   371 | D:1      | Found a faded altar of an unknown god.
   611 | D:2      | Noticed Sigmund
   616 | D:2      | Slain by Sigmund

Illustrated notes

Levels and vault maps discovered:
D:1:      minmay_arrival_widening_spiral_narrow, layout_loops_corners,
          ebering_ecumenical_altar_box, feat_on_display
D:2:      layout_basic, basic_altar, serial_shops, shop, uniq_sigmund

Action                     || total
---------------------------++-------
  Melee: Short sword       ||    55
   Stab: Sleeping          ||     2
 Armour: Animal skin       ||    19
  Dodge: Dodged            ||    21
